Map: Vaani Research Station (Void)

Players

liquidthermy (uThermal)

  • Race: Terran Terran
  • League: Master
  • Spawn Location: 6:00

Nerchio - Winner!

  • Race: Zerg Zerg
  • League: Grandmaster
  • Spawn Location: 12:00

Event: NationWars IV

VOD

https://www.youtube.com/watch?v=auPQdzVm7Ik&t=25s

Description

Time

  • Played on: Jan. 7, 2017, 1:59 p.m.
  • Length: 28:22

All games in this series

Show
View Real Time Build Order
Export as new Build Order

liquidthermy Terran 

Build Orders: Reaper Expand, MMM Bio 

Get SALT Encoding   

  12  0:01  SCV  
  13  0:13  SCV  
  14  0:17  Supply Depot  
  14  0:25  SCV  
  15  0:39  SCV  
  15  0:40  Barracks  
  16  0:44  Refinery  
  16  0:51  SCV  
  17  1:03  SCV  
  18  1:15  SCV  
  19  1:27  Orbital Command, Reaper  
  20  1:41  Command Center  
  20  1:53  SCV  
  21  1:55  Barracks  
  21  2:00  Barracks Reactor  
  21  2:05  SCV  
  21  2:08  Supply Depot  
  22  2:17  SCV  
  22  2:18  Refinery  
  23  2:29  SCV  
  24  2:33  Factory  
  24  2:36  Marine x2  
  26  2:42  SCV  
  26  2:43  Barracks Tech Lab  
  27  2:54  SCV  
  27  2:55  Bunker  
  27  2:56  Orbital Command  
  28  2:59  Marine  
  28  3:02  Marine  
  28  3:05  Marine  
  30  3:11  Stimpack  
  31  3:17  Marine  
  32  3:20  Marine  
  32  3:25  Supply Depot  
  33  3:32  Starport  
  33  3:33  Factory Reactor  
  33  3:34  Marine  
  34  3:36  Marine  
  34  3:38  Marine  
  36  3:47  Supply Depot  
  36  3:51  Marine  
  36  3:52  Supply Depot  
  37  4:07  SCV  
  37  4:09  Marine, Barracks Reactor  
  38  4:20  Medivac x2  
  38  4:22  SCV  
  43  4:27  Marine  
  44  4:32  SCV  
  45  4:44  Marine, SCV  
  45  4:45  Marine x2  
  49  4:47  Supply Depot  
  49  4:52  SCV  
  50  4:58  SCV  
  51  5:02  Marine  
  51  5:03  Marine  
  51  5:04  Marine  
  54  5:08  Widow Mine  
  54  5:09  Medivac  
  54  5:11  Medivac  
  60  5:16  Combat Shields  
  60  5:18  SCV  
  60  5:19  Supply Depot  
  61  5:22  SCV  
  62  5:34  SCV x2  
  61  5:37  Marine  
  61  5:40  Marine x2  
  61  5:41  Supply Depot  
  64  5:46  SCV x2  
  66  5:50  Engineering Bay  
  66  5:51  Engineering Bay  
  66  5:53  Refinery  
  66  5:58  SCV  
  66  5:59  Marine x2  
  69  6:06  Supply Depot  
  69  6:07  Barracks  
  69  6:08  Marine  
  69  6:09  Supply Depot  
  69  6:11  SCV x2  
  71  6:15  Liberator  
  71  6:16  Liberator  
  71  6:17  Marine  
  72  6:23  SCV  
  72  6:24  SCV  
  68  6:35  SCV  
  68  6:36  SCV  
  76  6:40  Terran Infantry Weapons Level 1  
  76  6:41  Terran Infantry Armor Level 1  
  76  6:44  Marine x2  
  78  6:58  SCV  
  78  7:04  Marine x2  
  78  7:05  Marine  
  78  7:06  Command Center  
  81  7:12  SCV  
  81  7:13  Marine  
  83  7:15  Medivac  
  83  7:16  Marine, Medivac  
  83  7:21  SCV  
  83  7:22  Marine  
  90  7:23  Marine  
  90  7:26  SCV  
  90  7:27  Marine, Armory  
  93  7:31  Marine  
  93  7:33  Supply Depot, Refinery  
  93  7:35  Marine  
  95  7:40  Marine  
  95  7:41  Marine  
  97  7:45  Marine  
  97  7:46  Supply Depot  
  97  7:49  Marine  
  99  7:57  SCV, Liberator x2  
  99  7:58  Marine  
  102  7:59  Marine  
  102  8:00  SCV  
  102  8:03  Marine  
  99  8:06  Barracks  
  99  8:07  Marine  
  99  8:08  Barracks  
  99  8:17  SCV  
  106  8:21  Factory Tech Lab  
  106  8:22  Marine x2  
  106  8:23  SCV  
  107  8:27  Marine x2  
  107  8:29  Marine, SCV  
  111  8:35  SCV  
  111  8:38  Terran Infantry Weapons Level 2, Terran Infantry Armor Level 2  
  112  8:41  SCV  
  112  8:46  Orbital Command  
  113  8:48  Siege Tank  
  113  8:51  Marine  
  113  8:52  Marine  
  113  8:53  Missile Turret  
  118  9:01  Barracks Reactor x2  
  118  9:03  Factory, Refinery x2  
  118  9:04  Marine x2  
  120  9:10  SCV x2  
  120  9:11  Supply Depot  
  120  9:12  Marine x2  
  120  9:14  Marine, SCV  
  126  9:20  Supply Depot  
  126  9:22  Marine x2, SCV x2  
  130  9:26  SCV  
  130  9:30  Marine x2  
  133  9:32  Marine  
  133  9:35  Siege Tank  
  133  9:36  Supply Depot, SCV  
  138  9:39  Marine  
  138  9:41  Marine, SCV  
  138  9:43  Marine  
  138  9:45  SCV  
  143  9:46  Supply Depot  
  143  9:48  SCV  
  143  9:50  Factory Tech Lab  
  143  9:52  Supply Depot  
  144  9:53  Marine x3, SCV  
  144  9:59  Marine  
  149  10:02  Marine x3  
  149  10:05  Marine  
  153  10:08  Marine  
  153  10:09  SCV  
  153  10:10  Marine  
  150  10:14  Siege Tank x2  
  150  10:16  Medivac  
  150  10:19  Medivac  
  152  10:22  Marine x3  
  152  10:25  Marine  
  152  10:26  Marine  
  154  10:29  SCV  
  154  10:30  SCV  
  154  10:32  Marine  
  154  10:33  Marine  
  154  10:35  Marine x2  
  156  10:40  Marine  
  156  10:41  Marine  
  159  10:46  Marine, Siege Tank  
  153  10:51  Marine x2  
  153  10:52  Medivac x2  
  153  10:55  Siege Tank  
  154  11:00  Marine  
  154  11:02  Marine x2  
  154  11:04  Marine x2  
  155  11:08  Marine  
  159  11:14  Supply Depot  
  159  11:15  Supply Depot  
  159  11:16  Marine  
  159  11:18  Marine, Siege Tank  
  159  11:19  Marine  
  159  11:22  Medivac  
  166  11:26  Marine  
  166  11:27  Siege Tank  
  166  11:28  Marine x2  
  166  11:32  Marine x2  
  164  11:48  Marine x2  
  164  11:50  Siege Tank  
  169  11:55  Marine x2  
  169  11:59  Siege Tank  
  175  12:06  Command Center  
  177  12:20  Terran Infantry Weapons Level 3  
  177  12:22  Siege Tank  
  177  12:23  Terran Infantry Armor Level 3  
  177  12:29  Marine x2  
  175  12:30  Marauder  
  175  12:31  Marine x2  
  175  12:32  Marine, Siege Tank  
  175  12:36  Medivac  
  185  12:42  Marine  
  185  12:43  Marine  
  180  12:50  Marine x2  
  173  12:52  Medivac  
  173  12:55  Siege Tank  
  173  12:56  Marine x2  
  177  13:02  Marine x2  
  177  13:03  Marine  
  177  13:04  Siege Tank  
  177  13:05  Marine x2, Liberator  
  144  13:06  Medivac  
  144  13:15  Marine x2  
  144  13:19  Liberator  
  137  13:26  Marine  
  137  13:27  Siege Tank  
  141  13:35  Missile Turret  
  141  13:36  Siege Tank  
  141  13:37  Marine  
  139  13:44  Marine  
  137  13:52  Missile Turret  
  137  13:53  Planetary Fortress  
  135  13:58  Terran Ship Weapons Level 1, Marine x2  
  135  13:59  Marine, Siege Tank  
  141  14:03  Sensor Tower  
  141  14:08  Siege Tank  
  144  14:15  Marine  
  144  14:16  Marauder  
  147  14:20  Medivac  
  147  14:21  Medivac  
  147  14:22  Marine x2  
  153  14:24  Marine x2  
  153  14:27  Marine  
  153  14:31  Siege Tank  
  159  14:34  Marine x2  
  159  14:37  Marauder  
  156  14:40  Marine, Siege Tank  
  151  14:46  Marine  
  151  14:47  Marine x2  
  151  14:49  Marine  
  151  14:50  Marine  
  151  14:52  Marine x2  
  158  14:53  Barracks  
  158  14:54  Barracks, Medivac  
  158  14:56  Medivac  
  158  14:58  Marauder, Marine  
  165  15:03  Siege Tank  
  165  15:04  Marine x2  
  165  15:05  Marine  
  171  15:07  Marine  
  171  15:09  Marine x2  
  171  15:12  Siege Tank  
  177  15:20  Marauder  
  177  15:21  Marine x2  
  178  15:23  Marine  
  175  15:29  Marine x2  
  175  15:35  Siege Tank  
  180  15:37  Marine  
  180  15:39  Marine  
  180  15:41  Marauder  
  184  15:44  Marine, Siege Tank  
  184  15:47  Barracks Tech Lab x2  
  184  15:49  Marine x2  
  190  15:54  Marine  
  181  16:03  Marauder  
  183  16:04  Viking x2  
  183  16:06  Marine  
  183  16:07  Marauder, Refinery, Siege Tank  
  183  16:08  Starport  
  192  16:16  Siege Tank  
  192  16:18  Marine  
  182  16:21  Marine  
  182  16:22  Marauder  
  182  16:24  Marauder, Marine  
  189  16:28  Marauder  
  189  16:30  Marine x2  
  190  16:34  Viking  
  190  16:39  Siege Tank  
  180  16:40  Marine  
  180  16:43  Marauder  
  156  16:48  Siege Tank  
  156  16:51  Marauder, Marine  
  156  16:52  Marine x5  
  156  16:53  Marine x2  
  142  16:58  Marine  
  142  17:04  Marine  
  142  17:08  Marine, Medivac x2  
  133  17:10  Marine x5  
  133  17:11  Marine x2  
  133  17:13  Marauder  
  133  17:14  Siege Tank  
  144  17:16  Marine  
  144  17:21  Command Center  
  144  17:22  Marauder  
  141  17:26  Marine  
  141  17:28  Marine x2  
  141  17:29  Marauder  
  146  17:33  Medivac  
  146  17:35  Marine  
  146  17:36  Marine  
  150  17:38  Medivac  
  150  17:41  Marine x3  
  150  17:42  Orbital Command  
  155  17:47  Siege Tank  
  156  18:05  Siege Tank  
  156  18:07  Viking x2  
  156  18:11  Marine  
  156  18:12  Marauder  
  165  18:13  Marine  
  165  18:14  Marine  
  165  18:17  Viking  
  168  18:20  Terran Vehicle Weapons Level 1  
  168  18:21  Marine  
  168  18:25  Marine, Refinery  
  169  18:35  Orbital Command  
  169  18:37  Medivac, Viking  
  169  18:38  Refinery  
  169  18:40  Marine  
  169  18:41  Marauder  
  176  18:44  Siege Tank  
  179  18:52  Siege Tank  
  180  18:58  Viking  
  173  19:07  Viking  
  174  19:13  Viking  
  174  19:15  Marauder, Marine x2  
  180  19:17  Marauder, Marine  
  180  19:22  Marine  
  180  19:23  Marauder  
  186  19:27  Missile Turret  
  186  19:28  Missile Turret  
  186  19:31  Missile Turret  
  175  19:38  Viking  
  175  19:39  Marauder, Marine  
  175  19:41  Marine  
  175  19:42  Marauder  
  175  19:44  Marine  
  175  19:45  Marauder  
  184  19:46  Viking  
  184  19:49  Marine x2  
  184  19:51  Marine  
  189  19:54  Missile Turret  
  189  19:56  Siege Tank  
  185  20:01  Marauder, Marine, Siege Tank  
  191  20:10  Marine  
  192  20:19  Concussive Shells  
  192  20:20  Marine  
  192  20:21  Marauder  
  187  20:22  Viking  
  187  20:27  Marine  
  187  20:28  Marauder, Missile Turret, Siege Tank  
  192  20:45  Viking x2  
  194  20:52  Viking  
  196  21:04  Marine  
  196  21:05  Marauder  
  196  21:08  Refinery  
  196  21:10  Refinery  
  199  21:23  Viking  
  197  21:30  Viking  
  199  21:34  Orbital Command  
  199  21:47  Marine  
  198  21:56  Siege Tank  
  198  21:58  Siege Tank  
  193  22:07  Marine  
  193  22:08  Marauder  
  180  22:09  Marauder x2, Marine x2  
  178  22:19  Viking  
  178  22:21  Marine  
  179  22:25  Marine  
  179  22:28  Siege Tank  
  179  22:29  Marauder  
  179  22:30  Marine, Siege Tank  
  179  22:31  Marauder x2  
  179  22:32  Marine  
  179  22:35  Marine  
  169  22:37  Marine  
  169  22:38  Marine  
  169  22:43  Marine  
  147  22:50  Marine  
  147  22:51  Marauder, Marine  
  131  22:52  Marauder x2, Marine  
  132  22:58  Marine  
  132  22:59  Marine  
  132  23:00  Siege Tank  
  132  23:01  Marine  
  132  23:02  Siege Tank  
  132  23:04  Marine  
  140  23:05  Marine  
  140  23:08  Command Center, Marine  
  140  23:12  Marauder  
  141  23:13  Marauder, Medivac  
  141  23:14  Marauder  
  141  23:17  Refinery  
  143  23:23  Medivac  
  138  23:27  Marine  
  138  23:28  Marine x2  
  138  23:32  Missile Turret  
  138  23:34  Marauder, Missile Turret  
  143  23:35  Marauder, Marine  
  143  23:38  Missile Turret  
  145  23:41  Siege Tank  
  148  23:53  Medivac  
  150  24:04  Missile Turret  
  148  24:18  Orbital Command  
  145  24:29  Marauder, Marine  
  145  24:30  Medivac  
  150  24:32  Medivac x2  
  154  24:46  Siege Tank  
  157  24:53  Marine x2  
  157  24:57  Missile Turret  
  157  24:59  Siege Tank  
  162  25:03  Marine  
  162  25:04  Marauder, Missile Turret  
  162  25:06  Marine  
  167  25:07  Marauder  
  167  25:11  Refinery x2  
  167  25:18  Siege Tank  
  163  25:27  Marauder, Marine x2  
  163  25:28  Marine  
  156  25:34  Marauder, Marine  
  151  25:44  Marine  
  151  25:45  Marine  
  146  25:52  Marine x2  
  146  25:53  Medivac  
  146  25:55  Marine x4  
  149  25:57  Medivac  
  145  26:04  Marine, Medivac  
  145  26:05  Marine  
  145  26:09  Marine  
  144  26:17  Marauder  
  138  26:31  Marine x2  
  140  26:33  Medivac  
  140  26:37  Marine  
  140  26:38  Marine  
  135  26:48  Medivac  
  135  26:50  Medivac  
  135  26:52  Marine  
  140  26:56  Marine x2  
  139  27:03  Marine x2  
  139  27:05  Marine  
  139  27:06  Marine  
  140  27:10  Marine  
  140  27:12  Marine  
  142  27:17  Medivac  
  144  27:23  Medivac  
  144  27:27  Marine  
  141  27:37  Siege Tank  
  141  27:39  Orbital Command  
  137  27:45  Medivac  
  137  27:49  Marine  
  137  27:50  Marine x3  
  122  28:00  Marine x2  
  122  28:03  Marine  
Show
View Real Time Build Order
Export as new Build Order

Nerchio Zerg - Winner!

Build Orders: Pool First 

Get SALT Encoding   

  12  0:00  Drone  
  13  0:13  Overlord  
  13  0:19  Drone  
  14  0:31  Drone x2  
  14  0:34  Drone  
  17  0:42  Extractor  
  16  0:45  Drone  
  17  0:52  Spawning Pool  
  17  0:56  Drone  
  17  1:19  Hatchery  
  17  1:22  Drone  
  17  1:26  Drone  
  18  1:40  Roach Warren  
  18  1:42  Zergling x2  
  18  1:53  Queen  
  20  1:57  Drone  
  21  2:04  Overlord  
  21  2:23  Roach x3  
  27  2:34  Spore Crawler  
  27  2:35  Roach  
  28  2:37  Drone  
  28  2:44  Queen  
  30  2:48  Drone  
  33  2:52  Drone  
  33  3:00  Drone  
  33  3:01  Drone  
  35  3:11  Overlord  
  35  3:12  Drone  
  35  3:30  Ravager  
  35  3:31  Ravager x2, Drone x3  
  35  3:32  Drone x2  
  43  3:35  Overlord  
  43  3:44  Drone  
  43  3:49  Overlord  
  43  3:51  Overlord  
  43  3:58  Drone x3  
  46  4:04  Drone x3  
  46  4:07  Drone  
  50  4:11  Drone  
  50  4:12  Drone  
  52  4:22  Ravager  
  53  4:26  Drone x4  
  53  4:27  Queen  
  53  4:30  Metabolic Boost  
  59  4:46  Drone x3, Hatchery  
  61  4:53  Extractor  
  61  4:55  Overlord  
  61  4:56  Evolution Chamber  
  61  4:59  Drone x4  
  63  5:05  Roach x2  
  67  5:07  Overlord  
  67  5:10  Overlord  
  67  5:17  Zergling x6  
  70  5:23  Zergling x6  
  70  5:28  Zergling x2  
  62  5:36  Drone  
  62  5:40  Zerg Ground Armor Level 1  
  62  5:41  Drone  
  64  5:49  Queen  
  66  5:51  Queen  
  66  5:55  Roach  
  66  5:56  Roach  
  72  5:59  Roach  
  72  6:01  Roach  
  76  6:07  Roach  
  76  6:11  Roach  
  80  6:14  Zergling x8  
  83  6:20  Zergling x2  
  83  6:21  Zergling x2  
  82  6:26  Drone x2  
  82  6:27  Drone  
  82  6:31  Drone  
  86  6:35  Lair  
  86  6:37  Drone x2  
  86  6:38  Drone  
  89  6:41  Overlord  
  89  6:44  Overlord  
  89  6:51  Spore Crawler  
  88  6:59  Queen  
  87  7:01  Spore Crawler  
  87  7:02  Drone x5  
  87  7:03  Drone  
  92  7:10  Queen  
  92  7:12  Evolution Chamber  
  92  7:14  Spore Crawler, Drone x2  
  94  7:15  Drone  
  94  7:17  Drone  
  94  7:18  Drone  
  94  7:22  Drone x2  
  95  7:23  Drone  
  95  7:24  Drone  
  95  7:26  Drone  
  97  7:31  Overlord x2  
  97  7:34  Glial Reconstitution  
  97  7:41  Roach x3  
  103  7:45  Overlord  
  105  7:51  Roach  
  105  7:52  Roach x3  
  105  7:56  Overlord  
  111  8:01  Drone x2  
  111  8:03  Extractor  
  111  8:04  Extractor, Infestation Pit  
  110  8:07  Extractor  
  109  8:16  Drone x3  
  109  8:19  Overlord  
  112  8:23  Zerg Ground Armor Level 2  
  112  8:26  Drone x2  
  114  8:27  Overlord x2  
  114  8:36  Zerg Missile Weapons Level 1  
  114  8:39  Drone x2  
  114  8:40  Drone x6  
  122  8:43  Overlord  
  122  8:48  Infestor  
  124  8:50  Extractor  
  125  9:01  Burrow  
  125  9:09  Zergling x18  
  134  9:11  Spore Crawler x2, Hatchery  
  134  9:13  Ravager x3  
  132  9:20  Drone x3  
  135  9:27  Overlord  
  135  9:32  Hive  
  135  9:33  Spore Crawler  
  135  9:37  Zergling x2  
  135  9:38  Zergling x12, Spore Crawler  
  137  9:55  Zergling x10  
  137  9:58  Overlord  
  142  10:03  Baneling Nest  
  134  10:07  Roach x5  
  134  10:16  Queen  
  134  10:18  Drone x2  
  134  10:20  Spore Crawler  
  134  10:21  Drone  
  138  10:22  Drone, Queen  
  138  10:25  Drone  
  138  10:27  Drone  
  138  10:28  Drone  
  134  10:31  Drone x2  
  134  10:33  Queen  
  136  10:42  Ravager  
  137  10:43  Zergling x6  
  137  10:49  Drone x3  
  143  10:51  Zerg Melee Weapons Level 1  
  143  10:56  Zergling x8  
  146  11:00  Zergling x10  
  146  11:03  Zergling x2  
  152  11:11  Centrifical Hooks  
  151  11:12  Roach x2  
  151  11:13  Ultralisk Cavern  
  154  11:20  Adrenal Glands  
  154  11:30  Zergling x18  
  160  11:34  Ravager x3  
  160  11:35  Drone x3, Hatchery  
  163  11:46  Drone x4  
  160  12:04  Chitinous Plating  
  160  12:05  Ultralisk x2  
  160  12:07  Baneling x4  
  172  12:16  Overlord x3  
  155  12:30  Ultralisk  
  161  12:37  Baneling x6  
  161  12:41  Zergling x2  
  161  12:42  Zergling x16  
  161  12:43  Zergling x2  
  164  12:49  Zergling x8  
  164  12:51  Zergling x2  
  162  12:53  Zergling x4  
  161  13:03  Zergling x4  
  161  13:04  Zergling x6  
  141  13:08  Queen  
  139  13:18  Zergling x8  
  139  13:19  Zergling x2  
  141  13:20  Spore Crawler  
  141  13:22  Zergling x2  
  141  13:27  Spore Crawler  
  141  13:31  Ultralisk  
  145  13:41  Zerg Melee Weapons Level 2  
  145  13:42  Spire  
  144  13:53  Zerg Ground Armor Level 3  
  144  13:56  Extractor  
  143  14:05  Zergling x8  
  147  14:18  Hatchery  
  146  14:25  Drone x4  
  146  14:26  Drone x3  
  146  14:27  Overlord  
  150  14:42  Drone x4  
  150  14:43  Spore Crawler, Overlord  
  150  14:59  Corruptor x6  
  150  15:06  Drone x3  
  163  15:09  Corruptor  
  163  15:24  Greater Spire  
  163  15:27  Drone  
  163  15:28  Drone  
  165  15:30  Extractor  
  165  15:33  Corruptor x4  
  172  15:37  Baneling x12  
  172  15:42  Baneling x9  
  172  15:47  Zergling x6, Spore Crawler  
  172  15:48  Zergling x2  
  175  15:54  Zergling x2  
  175  15:55  Zergling x10  
  181  15:58  Baneling x8  
  181  15:59  Baneling  
  181  16:03  Zergling x8  
  185  16:04  Zergling x2  
  185  16:16  Zergling x2  
  185  16:17  Zergling x14  
  181  16:21  Ultralisk  
  187  16:28  Ultralisk  
  187  16:29  Zergling x10  
  174  16:43  Ultralisk x2  
  174  16:44  Zergling x2  
  174  16:45  Zergling x6  
  150  16:49  Zergling x8  
  150  16:52  Zergling x2  
  136  16:56  Ultralisk  
  139  17:04  Ultralisk  
  127  17:11  Drone x3  
  126  17:19  Ultralisk  
  135  17:30  Ultralisk  
  137  17:44  Brood Lord  
  137  17:46  Brood Lord  
  139  17:57  Corruptor  
  141  18:01  Hatchery  
  141  18:03  Corruptor  
  141  18:05  Corruptor  
  140  18:08  Infestor  
  141  18:14  Infestor  
  141  18:19  Corruptor  
  145  18:24  Corruptor  
  146  18:35  Corruptor  
  146  18:36  Corruptor  
  150  18:49  Hatchery  
  150  18:53  Brood Lord x2  
  153  19:00  Brood Lord  
  154  19:14  Hatchery  
  153  19:23  Corruptor  
  153  19:24  Corruptor  
  149  19:30  Zerg Flyer Armor Level 1  
  142  19:42  Corruptor x2  
  142  19:44  Zergling x2  
  145  19:46  Zergling x2  
  143  20:03  Corruptor  
  143  20:06  Corruptor  
  146  20:08  Hatchery  
  144  20:18  Corruptor  
  144  20:24  Corruptor  
  146  20:31  Corruptor  
  146  20:35  Corruptor  
  150  20:46  Corruptor  
  152  20:53  Corruptor  
  154  21:02  Brood Lord  
  156  21:10  Corruptor  
  156  21:11  Corruptor  
  158  21:15  Zergling x2  
  161  21:22  Corruptor  
  161  21:24  Zergling x2  
  162  21:31  Corruptor  
  164  21:38  Zergling x8  
  164  21:39  Zergling x2  
  168  21:54  Corruptor  
  166  22:10  Drone  
  166  22:11  Drone  
  162  22:16  Zergling x18  
  173  22:29  Hatchery  
  158  22:44  Zergling x8  
  161  22:49  Zergling x2  
  161  22:50  Zergling x2  
  156  23:23  Drone x2  
  149  23:51  Hatchery  
  148  23:58  Brood Lord  
  152  24:10  Brood Lord  
  150  24:24  Zergling x2  
  150  24:25  Zergling x16  
  158  24:33  Brood Lord  
  160  24:39  Zergling x2  
  160  24:40  Zergling x4  
  160  24:42  Extractor  
  161  24:51  Zergling x6  
  164  24:56  Extractor  
  164  24:59  Zergling x6  
  163  25:07  Zergling x2  
  163  25:18  Extractor  
  156  25:23  Zergling x8  
  156  25:24  Zergling x6  
  157  25:31  Zergling x8  
  162  25:42  Ultralisk  
  162  25:44  Zergling x6  
  164  25:53  Zergling x6  
  164  25:56  Zergling x2, Queen x2  
  172  25:58  Zergling x2  
  172  26:02  Zergling x2  
  168  26:17  Brood Lord  
  164  26:30  Drone x4  
  164  26:32  Corruptor  
  170  26:34  Zergling x6, Spore Crawler  
  167  26:45  Brood Lord  
  168  26:48  Zergling x2  
  168  26:49  Zergling x4  
  171  26:55  Baneling x6  
  171  27:05  Corruptor  
  173  27:11  Corruptor  
  173  27:26  Corruptor  
  173  27:28  Drone x2  
  173  27:29  Drone  
  174  27:36  Zergling x4  
  176  27:43  Zergling x4  
  177  27:44  Zergling x2  
  177  27:53  Zergling x6  
Tags
 
Add a new tag
Caveats
  • Supply blocks, unpowered buildings, or Contaminate may cause inaccurate times.
  • Supply counts are checked every 10 seconds.